 Dungeon Crawl Stone Soup version 0.29-a0-1043-g569b05d6ff (webtiles) character file.

Game seed: 1697347446830935970

312 Newt the Cutter (level 6, -8/44 HPs)
             Began as a Demonspawn Gladiator on Aug 15, 2022.
             Mangled by Duvessa
             ... wielding a +0 short sword
              (13 damage)
             ... on level 3 of the Dungeon.
             The game lasted 00:11:04 (4584 turns).

Newt the Cutter (Demonspawn Gladiator)              Turns: 4584, Time: 00:11:05

Health: -8/44      AC:  6    Str: 13 (16) XL:     6   Next: 18%
Magic:  6/6        EV: 12    Int:  6 (9)  God:
Gold:   201        SH:  0    Dex: 13 (15) Spells: 5/5 levels left

rFire   + . .      SeeInvis .   t - +1 dagger (venom)
rCold   + . .      Faith    .   (no shield)
rNeg    . . .      Spirit   .   b - +0 leather armour
rPois   .          Reflect  .   (helmet restricted)
rElec   .          Harm     .   w - scarf {rC+ rF+}
rCorr   .          Rampage  .   (no gloves)
Will    ++...                   A - +2 pair of boots
Stlth   ++........              (no amulet)
HPRegen 0.14/turn               g - ring of willpower
MPRegen 0.10/turn               x - ring of willpower

@: about to teleport
A: claws 2, horns 1
a: no special abilities


You were on level 3 of the Dungeon.
You visited 1 branch of the dungeon, and saw 5 of its levels.

You collected 201 gold pieces.

Inventory:

Hand Weapons
 a - a +1 rapier
 t - a +1 dagger of venom (weapon)
Missiles
 e - a javelin
 j - 16 stones (quivered)
 l - 8 poisoned darts
 v - 5 boomerangs
Armour
 b - a +0 leather armour (worn)
 c - a +0 helmet
 w - a scarf of resistance (worn)
 A - a +2 pair of boots (worn)
Jewellery
 g - a ring of willpower (left claw)
 n - a ring of fire
 x - a ring of willpower (right claw)
 B - a ring of fire
Scrolls
 f - a scroll of enchant weapon
 k - a scroll of amnesia
 o - 2 scrolls of teleportation
 p - a scroll of magic mapping {unknown}
 r - a scroll of identify
 y - a scroll of immolation {unknown}
Potions
 h - a potion of lignification {unknown}
 i - a potion of brilliance
 m - a potion of heal wounds
 q - a potion of attraction
 s - a potion of degeneration
 u - a potion of mutation {unknown}
 z - a potion of invisibility {unknown}


   Skills:
 - Level 2.0 Fighting
 - Level 5.0 Short Blades
 + Level 3.7 Throwing
 - Level 2.6 Dodging
 - Level 2.0 Stealth


You had 5 spell levels left.
You didn't know any spells.
Your spell library contained the following spells:

 Spells                   Type           Power      Damage    Failure   Level
 Ensorcelled Hibernation  Hex/Ice        0%         N/A       67%         2
 Passwall                 Tmut/Erth      0%         N/A       67%         2
 Swiftness                Air            0%         N/A       88%         3


Dungeon Overview and Level Annotations

Branches:
Dungeon (5/15)
 Temple: D:4-7

Altars:

Annotations:
D:3 Duvessa


Innate Abilities, Weirdness & Mutations

You have very sharp fingernails.
You have a pair of small horns on your head.


Message History

Duvessa struggles against the net.
The net rips apart, and Duvessa comes free!
There is an open door here.
Duvessa rages.
Duvessa closely misses you.
Throw: throwing net
Press: ? - help, Shift-Dir - straight line, f/p - Duvessa
Aim: Duvessa, wielding a +0 short sword and wearing a +0 ring mail (berserk, 68% to hit)
You throw a throwing net.
The throwing net closely misses Duvessa.
Duvessa completely misses you. Duvessa attacks as you move away!
Duvessa hits you but does no damage. Duvessa hits you with a +0 short sword!
Duvessa attacks as you move away! Duvessa barely misses you.
There is a stone staircase leading up here.
Duvessa hits you with a +0 short sword. Duvessa hits you with a +0 short sword!
You climb upwards.
There is a stone staircase leading down here.
It was a potion of degeneration.
There was something very wrong with that liquid.
You feel weakened.
You feel dopey.
You feel clumsy. Duvessa hits you with a +0 short sword.
* * * LOW HITPOINT WARNING * * *
It was a potion of heal wounds.
You feel much better. Duvessa hits you with a +0 short sword!
Duvessa misses you.
As you read the scroll of teleportation, it crumbles to dust.
You feel strangely unstable. Duvessa hits you with a +0 short sword.
Unknown command.
Throw: 9 darts (poison)
Press: ? - help, Shift-Dir - straight line, f - Duvessa
Aim: Duvessa, wielding a +0 short sword and wearing a +0 ring mail (berserk, 67% to hit)
You throw a poisoned dart. The poisoned dart hits Duvessa!
Duvessa is poisoned.
Duvessa hits you with a +0 short sword!
* * * LOW HITPOINT WARNING * * *
Duvessa hits you with a +0 short sword.
* * * LOW HITPOINT WARNING * * *
You see here a +0 hand axe.
Duvessa rages.
Duvessa hits you with a +0 short sword!
You die...

#.# #.#####################.
#.# #.#...))................
#.# #.###.##################
#.# #.# #.....##..##..###...
#.# #.# #.....#........##...
#.# #.# #...................
#.# #.# #..........>........
#.# #.# #.....#........#....
#.######.###..@..#........#....
#............e.................
########...)>..................
#...(.....#........#....
#.........##..##..##....
#####..........##.######....
#......##.#######.## #....
#......##.# #..# #....
#####......##.# ##.# ##.#'


You could see Duvessa (berserk, very poisoned).

Vanquished Creatures
  A scorpion (D:4)
  Dowan (D:4)
  A hound (D:4)
  2 orc priests
  3 adders (D:3)
  A worm (D:2)
  2 dart slugs (D:1)
  8 orcs
  2 ball pythons
  2 bats (D:3)
  10 endoplasms
  4 giant cockroaches
  9 hobgoblins
  3 kobolds (D:3)
  A quokka (D:2)
  2 training dummies (D:4)
  4 frilled lizards
  5 goblins
  9 rats
70 creatures vanquished.

Vanquished Creatures (others)
  A bat (D:2)
1 creature vanquished.

Grand Total: 71 creatures vanquished

Notes
Turn   | Place    | Note
-------+----------+-------------------------------------------
     0 | D:1      | Newt the Demonspawn Gladiator began the quest for the Orb.
     0 | D:1      | Reached XP level 1. HP: 16/16 MP: 1/1
   178 | D:1      | Reached skill level 1 in Stealth
   374 | D:1      | Discovered your monstrous ancestry.
   374 | D:1      | Gained mutation: You have sharp fingernails. [demonic
                  | ancestry]
   374 | D:1      | Reached XP level 2. HP: 22/22 MP: 2/2
   686 | D:1      | Reached skill level 3 in Short Blades
   872 | D:1      | Reached XP level 3. HP: 27/27 MP: 3/3
  1280 | D:2      | Found a faded altar of an unknown god.
  2525 | D:3      | Reached skill level 4 in Short Blades
  2525 | D:3      | Gained mutation: You have a pair of small horns on your
                  | head. [demonic ancestry]
  2525 | D:3      | Reached XP level 4. HP: 21/33 MP: 4/4
  3803 | D:4      | Noticed a scorpion
  3877 | D:4      | Reached skill level 5 in Short Blades
  3877 | D:4      | Gained mutation: You have very sharp fingernails. [demonic
                  | ancestry]
  3877 | D:4      | Reached XP level 5. HP: 38/38 MP: 5/5
  3916 | D:4      | Noticed Duvessa
  3916 | D:4      | Noticed Dowan
  4388 | D:4      | Killed Dowan
  4389 | D:4      | Reached XP level 6. HP: 44/44 MP: 6/6
  4454 | D:5      | Entered Level 5 of the Dungeon
  4584 | D:3      | Mangled by Duvessa

Illustrated notes

Levels and vault maps discovered:
D:1:      arrival_zaba_pyramid, layout_rooms
D:2:      layout_basic, shapermc_ecumenical_altar_ellora, lemuel_flame_loot_1
D:3:      layout_basic, st_stairs_5, minmay_close_crescents
D:4:      dreamdust_elfheim, layout_basic, nicolae_shop_vocational
D:5:      layout_rooms, grunt_temple_overflow_forces_of_nature,
          gammafunk_ghost_icy

Skill      XL: |  1  2  3  4  5 |
---------------+----------------+-----
Stealth        | 1 2 |  2.0
Short Blades   | 3 4 5 |  5.0
Throwing       | 3 |  3.7
Fighting       | |  2.0
Dodging        | |  2.6

Action                   |  1- 3 |  4- 6 || total
-------------------------+-------+-------++-------
Melee: Rapier            |   149 |    41 ||   190
       Dagger            |       |    49 ||    49
       Headbutt          |       |    17 ||    17
Throw: Dart              |     3 |     1 ||     4
       Stone             |     1 |    13 ||    14
       Throwing net      |       |     3 ||     3
  Use: Scroll            |     3 |     4 ||     7
       Potion            |     1 |     2 ||     3
 Stab: Sleeping          |     4 |     1 ||     5
Armor: Leather armour    |    44 |    18 ||    62
Dodge: Dodged            |   100 |    45 ||   145

Table legend: (Time is in decaauts)
 A = Elapsed time spent in this place.
 B = Non-inter-level travel time spent in this place.
 C = Inter-level travel time spent in this place.
 D = Time resting spent in this place.
 E = Time spent auto-exploring this place.
 F = Levels seen in this place.
 G = Mean time per level.
                   A        B        C        D        E       F      G
               +--------+--------+--------+--------+--------+-----+--------+
         Total |   4579 |   4471 |    108 |    631 |   2791 |   5 |  915.8 |
       Dungeon |   4579 |   4471 |    108 |    631 |   2791 |   5 |  915.8 |
               +--------+--------+--------+--------+--------+-----+--------+

Top non-repeatable levels by time:
     D:3: 1941 daAuts
     D:1: 1052 daAuts
     D:2: 881 daAuts
     D:4: 702 daAuts
     D:5: 1 daAuts
